 Dungeon Crawl Stone Soup version 0.30.0-29-ga12c61a403 (webtiles) character file.

Game seed: 4396441047119077284

513 safid the Chiller (level 7, 0/46 (55) HPs)
             Began as a Merfolk Ice Elementalist on June 12, 2023.
             Slain by a wight
             ... wielding a +4 trident
              (9 damage)
             ... on level 4 of the Dungeon.
             The game lasted 00:09:47 (4035 turns).

safid the Chiller (Merfolk Ice Elementalist)        Turns: 4035, Time: 00:09:48

HP:   0/46 (55)     AC:  5    Str:  9    XL:     7   Next: 19%
MP:   5/13          EV: 12    Int: 16    God:
Gold: 203           SH:  0    Dex: 14    Spells: 7/14 levels left

rFire   . . .        e - +0 mace
rCold   + . .        (no shield)
rNeg    . . .        a - +0 robe
rPois   .            u - +0 helmet
rElec   .            (no cloak)
rCorr   .            s - +0 pair of gloves
SInv    .            r - +0 pair of boots
Will    .....        g - amulet of regeneration
Stlth   ++           q - ring of protection from cold
HPRegen 1.07/turn    (no ring)
MPRegen 0.13/turn

%: no passive effects
@: mighty, freezing walls, very slightly contaminated, heavily drained
A: (nimble swimmer 2), mertail
a: no special abilities


You were on level 4 of the Dungeon.
You visited 1 branch of the dungeon, and saw 4 of its levels.
You also visited: Sewer.

You collected 214 gold pieces.
You spent 11 gold pieces at shops.

Inventory:

Hand Weapons
 e - a +0 mace (weapon)
Missiles
 o - a throwing net
Armour
 a - a +0 robe (worn)
 r - a +0 pair of boots (worn)
 s - a +0 pair of gloves (worn)
 u - a +0 helmet (worn)
Jewellery
 g - an amulet of regeneration (around neck)
 q - a ring of protection from cold (left hand)
Scrolls
 d - 2 scrolls of poison {unknown}
 f - a scroll of torment {unknown}
 h - 2 scrolls of identify {unknown}
 i - 3 scrolls of teleportation
 j - a scroll of brand weapon {unknown}
 p - 2 scrolls of magic mapping {unknown}
Potions
 b - a potion of magic
 k - a potion of heal wounds {unknown}
 l - a potion of curing {unknown}
 m - a potion of brilliance {unknown}
 n - a potion of haste {unknown}
 t - 4 potions of flight
 v - a potion of invisibility {unknown}


   Skills:
 + Level 4.4 Fighting
 - Level 2.6 Dodging
 - Level 2.1 Stealth
 + Level 4.3 Spellcasting
 + Level 6.4 Ice Magic


You had 7 spell levels left.
You knew the following spells:

 Your Spells              Type           Power      Damage    Failure   Level
a - Freeze                Ice            92%        1d9       1%          1
b - Frozen Ramparts       Ice            46%        1d7       3%          3
c - Ozocubu's Armour      Ice            23%        N/A       3%          3

Your spell library contained the following spells:

 Spells                   Type           Power      Damage    Failure   Level
 Beastly Appendage        Tmut           6%         N/A       17%         1
 Sandblast                Erth           6%         2d5       17%         1
 Shock                    Conj/Air       12%        1d3       17%         1
 Lesser Beckoning         Tloc           6%         N/A       26%         2
 Passwall                 Tmut/Erth      2%         N/A       26%         2
 Summon Ice Beast         Ice/Summ       13%        N/A       41%         4
 Gell's Gravitas          Tloc           3%         N/A       45%         3
 Stone Arrow              Conj/Erth      6%         3d7       45%         3
 Teleport Other           Tloc           3%         N/A       45%         3


Dungeon Overview and Level Annotations

Branches:
Dungeon (4/15)              Sewer (visited)
 Temple: D:4-7

Altars:
Fedhas
Vehumet

Shops:
D:1 *   D:2 *![?*

Annotations:
D:3 3 runed translucent doors, math4jedi's ghost, amateur MiBe


Innate Abilities, Weirdness & Mutations

((You are very nimble when in or above water. (Stealth+, EV+, Speed+++)))
Your lower body shifts to a powerful aquatic tail in water.


Message History

The wall freezes the wight but does no damage.
The wight closely misses you.
The wight resists.
The wall freezes the wight.
Unknown command.
Casting: Frozen Ramparts (dangerous; 3% risk of failure)
Confirm with . or Enter, or press ? or * to list all spells.
You miscast Ozocubu's Armour.
You are very lightly contaminated with residual magic.
Nothing appears to happen.
The wight completely resists.
The wall freezes the wight but does no damage.
The wight hits you with a +4 trident!
You feel drained.
The wight resists.
The wall freezes the wight.
You hit the wight but do no damage.
The wight completely resists.
The wall freezes the wight but does no damage.
The wight closely misses you.
The wight completely resists.
The wall freezes the wight but does no damage.
You hit the wight.
The wight is moderately damaged.
The wight completely resists.
The wall freezes the wight but does no damage.
The wight hits you from afar with a +4 trident!
You feel drained.
The wall freezes the wight but does no damage.
The wight hits you with a +0 falchion!
You barely miss the wight.
The wight is moderately damaged.
The wight resists.
The wall freezes the wight.
The wight hits you from afar with a +4 trident.
* * * LOW HITPOINT WARNING * * *
The wight resists.
The wall freezes the wight.
The wight barely misses you.
The wall freezes the wight but does no damage.
The wight hits you from afar with a +4 trident.
* * * LOW HITPOINT WARNING * * *
The wall freezes the wight but does no damage.
The wight closely misses you.
Unknown command.
Unknown command.
You feel very mighty all of a sudden.
The wight resists.
The wall freezes the wight.
The wight hits you from afar with a +4 trident!
You die...

#.##..## # .PPPP#### #.##...#
.PP_..... # #.##.#.# .PPPP####
.###.##.#.# # ..##.##.#.#
#.#..#..#.###.# # #.#.##........#
.## ##.#)#####.###########.##.## ##
....[....#......@zz.##)##..#####.
.........##########.#..###.##....
.........# #..........##.#..###
.........# #...S....(.##...##
.........# #..........###.##
.......#### #..........# #.#
.......#zzS. #z........<# #.##
.......#.ā‰ˆā‰ˆā‰ˆ.#........(.###..#
.......#..Sā‰ˆ.'.............#.##


You could see 2 wights.

Vanquished Creatures
  A phantom (D:4)
  A jelly (D:4)
  3 orc priests
  A sleepcap (D:4)
  An orc wizard (D:3)
  A sickly merfolk siren (Sewer)
  A malarious merfolk avatar (Sewer)
  11 adders
  A river rat (Sewer)
  2 worms
  2 dart slugs
  7 orcs
  2 bats
  4 endoplasms
  4 giant cockroaches
  9 goblins
  3 hobgoblins
  5 jackals
  6 quokkas
  8 ball pythons
  7 frilled lizards
  5 kobolds
  31 rats
116 creatures vanquished.

Notes
Turn   | Place    | Note
-------+----------+-------------------------------------------
     0 | D:1      | safid the Merfolk Ice Elementalist began the quest for the
                  | Orb.
     0 | D:1      | Reached XP level 1. HP: 13/13 MP: 3/3
   431 | D:1      | Reached XP level 2. HP: 20/20 MP: 5/5
   475 | D:1      | Reached skill level 1 in Fighting
   610 | D:1      | Found Xeniurghu's General Store.
  1118 | D:2      | Identified the +1 helmet "Telai" {rCorr Slay+3}
  1220 | D:2      | Found Berad's Magic Scroll Shop.
  1228 | D:2      | Bought a scroll of noise for 11 gold pieces
  1308 | D:2      | Reached XP level 3. HP: 26/26 MP: 4/6
  1387 | D:2      | Found Jobiol's General Store.
  1509 | D:2      | Found Mouxt's Antique Armour Boutique.
  1596 | D:2      | Learned a level 3 spell: Frozen Ramparts
  1600 | D:2      | Learned a level 3 spell: Ozocubu's Armour
  1648 | D:2      | Found Vicer's Distillery.
  1690 | D:2      | Found Otuemp's Assorted Antiques.
  1742 | D:2      | Reached skill level 5 in Ice Magic
  1742 | D:2      | Reached XP level 4. HP: 27/33 MP: 2/8
  1825 | D:2      | Got Humucat's Initiation into Spellcraft
  2264 | D:3      | Reached XP level 5. HP: 10/39 MP: 0/9
  2563 | D:3      | Found a runed translucent gate.
  2563 | D:3      | Found a runed translucent gate.
  2564 | D:3      | Found a runed translucent gate.
  2564 | D:3      | Noticed math4jedi's ghost (amateur MiBe)
  2564 | D:3      | Noticed a kobold brigand
  3014 | D:4      | Noticed a phantom
  3060 | D:4      | Killed a phantom
  3061 | D:4      | Reached XP level 6. HP: 9/47 MP: 9/11
  3127 | D:4      | Found a blossoming altar of Fedhas.
  3170 | D:4      | Found a radiant altar of Vehumet.
  3228 | D:4      | Reached skill level 6 in Ice Magic
  3288 | D:4      | Found a glowing drain.
  3292 | Sewer    | Entered a sewer
  3551 | Sewer    | Reached XP level 7. HP: 54/54 MP: 9/13
  4035 | D:4      | Slain by a wight

Illustrated notes

Levels and vault maps discovered:
D:1:      nagdon_arrival_double_spiral, layout_loops_corners, serial_shops,
          shop, chequers_mini_garden
D:2:      layout_basic, serial_shops, shop, shop, shop, shop, shop,
          roderic_lattice_a
D:3:      layout_rooms, gammafunk_ghost_nasty_kobolds
D:4:      layout_rooms, fedhas_altar_decomposition,
          mainiacjoe_overflow_alcove_4, gup_sewer_entry_bowl, uniq_duvessa

Skill      XL: |  1  2  3  4  5  6 |
---------------+-------------------+-----
Fighting       | 1 2 3 4 |  4.4
Ice Magic      | 5 6 |  6.4
Spellcasting   | 3 4 |  4.3
Dodging        | |  2.6
Stealth        | |  2.1

Action                     |  1- 3 |  4- 6 |  7- 9 || total
---------------------------+-------+-------+-------++-------
  Melee: Mace              |    36 |   129 |    33 ||   198
         Unarmed           |     3 |       |       ||     3
         Punch             |       |     2 |       ||     2
         Tailslap          |       |       |     1 ||     1
   Cast: Freeze            |    30 |    28 |     5 ||    63
         Frozen Ramparts   |       |     8 |     5 ||    13
         Ozocubu's Armour  |       |     6 |     2 ||     8
    Use: Potion            |       |     1 |     1 ||     2
   Stab: Sleeping          |     6 |     4 |     3 ||    13
 Armour: Robe              |    20 |    41 |     6 ||    67
  Dodge: Dodged            |    40 |    95 |    34 ||   169
